AoeStats
← saschauli

Arena

510829252Analyzed
1v1 RM · 10h ago on Oct 2, 2026· 50m 53s· 2 players
Game mode
Random Map
Map size
Tiny (2 player)
Population
200
Speed
Normal
Resources
Standard
Victory
Conquest
Starting age
Dark Age
Ending age
Imperial Age
RankedLock teamsTeams togetherTeam positionsShared explorationLock speedFull tech treeHidden civsTurbo modeCheats
Victory
Defeat
🇩🇪 Poles · Germany
932
+15
🇺🇸 Saxons · United States
911
-15
sweat of underdog
9:55 Feudal Age
10:21 Double-Bit Axe
10:18 Horse Collar
18:58 Castle Age
20:16 Squires
19:37 Pikeman
22:13 Bow Saw
23:02 Wheelbarrow
25:09 Hand Cart
28:24 Forging
28:14 Scale Mail Armor
28:56 Heavy Plow
28:49 Gold Mining
31:40 Imperial Age
30:10 Iron Casting
30:55 Arson
31:57 Gambesons
31:50 Halberdier
33:36 Shield Wall
34:57 Crop Rotation
35:05 Gold Shaft Mining
34:20 Stone Mining
34:21 Capped Ram
35:38 Chain Mail Armor
35:59 Loom
35:56 Siege Ram
38:38 Two-Man Saw
39:09 Elite Hearth Troop
40:21 Man-at-Arms
40:29 Heavy Scorpion
41:56 Long Swordsman
43:54 Conscription
43:08 Two-Handed Swordsman
saschauli
12:19 Feudal Age
13:02 Double-Bit Axe
13:13 Stone Mining
13:07 Horse Collar
20:02 Castle Age
18:08 Gold Mining
19:06 Forging
19:45 Scale Barding Armor
21:44 Bow Saw
21:38 Heavy Plow
22:17 Stone Shaft Mining
30:52 Imperial Age
28:44 Husbandry
28:08 Light Cavalry
30:46 Iron Casting
30:03 Fletching
30:49 Scale Mail Armor
31:25 Squires
31:48 Chain Barding Armor
33:02 Blast Furnace
33:23 Chain Mail Armor
34:12 Crop Rotation
34:26 Bloodlines
34:44 Loom
35:38 Wheelbarrow
35:03 Bodkin Arrow
35:23 Town Watch
36:50 Conscription
36:19 Elite Obuch
37:12 Town Patrol
37:38 Winged Hussar
39:13 Lechitic Legacy
44:10 Hand Cart
49:34 Plate Mail Armor
50:18 Bracer
Connection lost

Rejoining the realm…

Still unreachable

The connection could not be restored.

Session expired

The server has moved on; the page needs a fresh start.